TOP OF THE 1ST |
Louisville Bats batting - Pitching for Indiana Hounds : RHP Bob Cunningham
|
Pitching: RHP Bob Cunningham
|
|
Batting: RHB Enrico Ramos
|
0-0: DOUBLE (Flyball, 7LM)
|
Batting: RHB Dick Slagboom
|
0-0: Foul Ball, location: 2F 0-1: Ball 1-1: Ball 2-1: Ball 3-1: SINGLE (Groundball, 6D) Enrico Ramos to third Runner from 3rd tries for Home, SAFE, no throw
|
Batting: RHB Eric Thompson
|
0-0: DOUBLE (Line Drive, 8LD) Dick Slagboom to third Runner from 3rd tries for Home, SAFE, throw made at trailing runner, SAFE at third!
|
Batting: LHB Mike Callahan
|
0-0: Called Strike 0-1: Ball 1-1: Ball 2-1: Fly out, F2 (Popup, 23)
|
Batting: LHB John Latham
|
0-0: Foul Ball, location: 2F 0-1: Ball 1-1: Foul Ball, location: 2F 1-2: Fly out, F8 (Flyball, 8LS)
|
Batting: LHB Alex Henderson
|
0-0: Called Strike 0-1: Called Strike 0-2: Ground out 4-3 (Groundball, 4)
|
Top of the 1st over - 2 run(s), 3 hit(s), 0 error(s), 1 left on base; Louisville 2 - Indiana 0 |
BOTTOM OF THE 1ST |
Indiana Hounds batting - Pitching for Louisville Bats : RHP Jae-hyun Ch'oe
|
Pitching: RHP Jae-hyun Ch'oe
|
|
Batting: SHB Charles Alexander
|
0-0: Called Strike 0-1: Fly out, F8 (Flyball, 8LD)
|
Batting: RHB Anthony Rucker
|
0-0: Ball 1-0: Ball 2-0: Ball 3-0: Base on Balls
|
Batting: RHB Bob Lazzeri
|
0-0: Ball 1-0: Ball 2-0: Foul Ball, location: 2F 2-1: SINGLE (Groundball, 4MD) Anthony Rucker to second Runner from 2nd tries for 3rd, SAFE, throw made to third
|
Batting: RHB Danny Walker
|
0-0: Called Strike 0-1: Ground out 5-3 (Groundball, 56S) Anthony Rucker scores Bob Lazzeri to second
|
Batting: LHB Tommy Evans
|
0-0: Foul Ball, location: 2F 0-1: Ball 1-1: SINGLE (Groundball, 34D) Bob Lazzeri to third Runner from 3rd tries for Home, SAFE, no throw
|
Batting: LHB Junior Coates
|
0-0: Called Strike 0-1: Foul Ball, location: 2F 0-2: Ball 1-2: Ball 2-2: Ball 3-2: Base on Balls Tommy Evans to second
|
Batting: RHB Francisco Tañón
|
0-0: Swinging Strike 0-1: Ball 1-1: Foul Ball, location: 2F 1-2: Ball 2-2: Foul Ball, location: 2F 2-2: Foul Ball, location: 2F 2-2: Ball 3-2: Base on Balls Tommy Evans to third Junior Coates to second
|
Batting: LHB Pepe Vázquez
|
0-0: Foul Ball, location: 2F 0-1: Ball 1-1: Fly out, F9 (Flyball, 9LD)
|
Bottom of the 1st over - 2 run(s), 2 hit(s), 0 error(s), 3 left on base; Louisville 2 - Indiana 2 |
TOP OF THE 2ND |
Louisville Bats batting - Pitching for Indiana Hounds : RHP Bob Cunningham
|
Batting: RHB John Denton
|
0-0: Ball 1-0: Ground out 6-3 (Groundball, 6)
|
Batting: LHB Jeff Forsyth
|
0-0: Ball 1-0: Ball 2-0: Foul Ball, location: 2F 2-1: Foul Ball, location: 2F 2-2: Strikes out swinging
|
Batting: RHB Shawn Marshall
|
0-0: Called Strike 0-1: Foul Ball, location: 2F 0-2: Ball 1-2: Ball 2-2: Foul Ball, location: 2F 2-2: Ground out 6-3 (Groundball, 6S)
|
Top of the 2nd over - 0 run(s), 0 hit(s), 0 error(s), 0 left on base; Louisville 2 - Indiana 2 |
BOTTOM OF THE 2ND |
Indiana Hounds batting - Pitching for Louisville Bats : RHP Jae-hyun Ch'oe
|
Batting: LHB Manny Hernández
|
0-0: Ball 1-0: Ball 2-0: Foul Ball, location: 2F 2-1: Foul Ball, location: 2F 2-2: Ball 3-2: Ground out U3 (Groundball, 34)
|
Batting: SHB Charles Alexander
|
0-0: Ball 1-0: Foul Ball, location: 2F 1-1: Ball 2-1: Ball 3-1: Base on Balls
|
Batting: RHB Anthony Rucker
|
0-0: Ball 1-0: Swinging Strike 1-1: Foul Ball, location: 2F 1-2: Foul Ball, location: 2F 1-2: Fly out, F4 (Popup, 3D)
|
Batting: RHB Bob Lazzeri
|
0-0: Called Strike 0-1: Ball 1-1: Foul Ball, location: 2F 1-2: Fly out, F8 (Line Drive, 8RM)
|
Bottom of the 2nd over - 0 run(s), 0 hit(s), 0 error(s), 1 left on base; Louisville 2 - Indiana 2 |
TOP OF THE 3RD |
Louisville Bats batting - Pitching for Indiana Hounds : RHP Bob Cunningham
|
Batting: RHB Enrico Ramos
|
0-0: Ball 1-0: Foul Ball, location: 2F 1-1: SINGLE (Groundball, 34S) (infield hit)
|
Batting: RHB Dick Slagboom
|
0-0: Ball 1-0: Foul Ball, location: 2F 1-1: Ball 2-1: Ball 3-1: Called Strike 3-2: Fly out, F9 (Line Drive, 9S)
|
Batting: RHB Eric Thompson
|
0-0: Ball 1-0: Called Strike 1-1: Ball 2-1: Foul Ball, location: 2F 2-2: Fielders Choice at 2nd, 6-4 (Groundball, 6)
|
Batting: LHB Mike Callahan
|
0-0: Called Strike 0-1: Ball Wild Pitch! Eric Thompson to second 1-1: Foul Ball, location: 2F 1-2: SINGLE (Line Drive, 7S) Eric Thompson to third Runner from 3rd tries for Home, throw and OUT!
|
Top of the 3rd over - 0 run(s), 2 hit(s), 0 error(s), 1 left on base; Louisville 2 - Indiana 2 |
BOTTOM OF THE 3RD |
Indiana Hounds batting - Pitching for Louisville Bats : RHP Jae-hyun Ch'oe
|
Batting: RHB Danny Walker
|
0-0: Called Strike 0-1: Ball 1-1: Swinging Strike 1-2: Ground out 3-1 (Groundball, 34)
|
Batting: LHB Tommy Evans
|
0-0: Called Strike 0-1: Foul Ball, location: 2F 0-2: Foul Ball, location: 2F 0-2: Ball 1-2: Strikes out swinging
|
Batting: LHB Junior Coates
|
0-0: Ball 1-0: Swinging Strike 1-1: Called Strike 1-2: Foul Ball, location: 2F 1-2: Strikes out swinging
|
Bottom of the 3rd over - 0 run(s), 0 hit(s), 0 error(s), 0 left on base; Louisville 2 - Indiana 2 |
TOP OF THE 4TH |
Louisville Bats batting - Pitching for Indiana Hounds : RHP Bob Cunningham
|
Batting: LHB John Latham
|
0-0: SINGLE (Flyball, 7LS)
|
Batting: LHB Alex Henderson
|
0-0: SINGLE (Line Drive, 89S) John Latham to second Runner from 2nd tries for 3rd, SAFE, no throw
|
Batting: RHB John Denton
|
0-0: Fielders Choice at 2nd, 4-6 (Groundball, 4) John Latham scores
|
Batting: LHB Jeff Forsyth
|
0-0: Called Strike 0-1: SINGLE (Groundball, 56D) John Denton to second
|
Batting: RHB Shawn Marshall
|
0-0: Called Strike 0-1: Ball 1-1: Foul Ball, location: 2F 1-2: Foul Ball, location: 2F 1-2: Foul Ball, location: 2F 1-2: Strikes out swinging
|
Batting: RHB Enrico Ramos
|
0-0: Ball 1-0: Ball 2-0: Ball 3-0: Called Strike 3-1: Foul Ball, location: 2F 3-2: Strikes out swinging
|
Top of the 4th over - 1 run(s), 3 hit(s), 0 error(s), 2 left on base; Louisville 3 - Indiana 2 |
BOTTOM OF THE 4TH |
Indiana Hounds batting - Pitching for Louisville Bats : RHP Jae-hyun Ch'oe
|
Batting: RHB Francisco Tañón
|
0-0: Called Strike 0-1: Called Strike 0-2: Strikes out swinging
|
Batting: LHB Pepe Vázquez
|
0-0: Called Strike 0-1: Ball 1-1: Ground out 4-3 (Groundball, 4)
|
Batting: LHB Manny Hernández
|
0-0: Ball 1-0: Foul Ball, location: 2F 1-1: Ball 2-1: SINGLE (Groundball, 6MD)
|
Batting: SHB Charles Alexander
|
0-0: Called Strike 0-1: Foul Ball, location: 2F 0-2: Ball 1-2: Foul Ball, location: 2F 1-2: Strikes out swinging
|
Bottom of the 4th over - 0 run(s), 1 hit(s), 0 error(s), 1 left on base; Louisville 3 - Indiana 2 |
TOP OF THE 5TH |
Louisville Bats batting - Pitching for Indiana Hounds : RHP Bob Cunningham
|
Batting: RHB Dick Slagboom
|
0-0: Foul Ball, location: 2F 0-1: Ball 1-1: Ball 2-1: Foul Ball, location: 2F 2-2: Ball 3-2: Fly out, F9 (Flyball, 9S)
|
Batting: RHB Eric Thompson
|
0-0: Ball 1-0: SINGLE (Line Drive, 6MD)
|
Batting: LHB Mike Callahan
|
0-0: Called Strike 0-1: Swinging Strike 0-2: Ball 1-2: Ball 2-2: Fly out, F9 (Flyball, 9)
|
Batting: LHB John Latham
|
0-0: Ball 1-0: Called Strike 1-1: Ball 2-1: Foul Ball, location: 2F 2-2: Foul Ball, location: 2F 2-2: Ground out 6-3 (Groundball, 6MS)
|
Top of the 5th over - 0 run(s), 1 hit(s), 0 error(s), 1 left on base; Louisville 3 - Indiana 2 |
BOTTOM OF THE 5TH |
Indiana Hounds batting - Pitching for Louisville Bats : RHP Jae-hyun Ch'oe
|
Batting: RHB Anthony Rucker
|
0-0: Called Strike 0-1: Ball 1-1: Ball 2-1: Swinging Strike 2-2: Foul Ball, location: 2F 2-2: Foul Ball, location: 2F 2-2: Foul Ball, location: 2F 2-2: Ball 3-2: Foul Ball, location: 2F 3-2: Ground out 4-3 (Groundball, 4M)
|
Batting: RHB Bob Lazzeri
|
0-0: Ball 1-0: Ball 2-0: Called Strike 2-1: Ground out 5-3 (Groundball, 5)
|
Batting: RHB Danny Walker
|
0-0: Called Strike 0-1: Ground out 4-3 (Groundball, 4)
|
Bottom of the 5th over - 0 run(s), 0 hit(s), 0 error(s), 0 left on base; Louisville 3 - Indiana 2 |
TOP OF THE 6TH |
Louisville Bats batting - Pitching for Indiana Hounds : RHP Bob Cunningham
|
Batting: LHB Alex Henderson
|
0-0: Hit by Pitch
|
Batting: RHB John Denton
|
0-0: Foul Ball, location: 2F 0-1: Ball 1-1: Ball 2-1: Foul Ball, location: 2F 2-2: SINGLE (Groundball, 34D) Alex Henderson to second Runner from 2nd tries for 3rd, SAFE, no throw
|
Batting: LHB Jeff Forsyth
|
0-0: Fly out, F4 (Popup, 34)
|
Batting: RHB Shawn Marshall
|
0-0: Ball 1-0: Fielders Choice at 2nd, 1-6 (Groundball, P)
|
Batting: RHB Enrico Ramos
|
0-0: Fly out, F8 (Flyball, 8RXD)
|
Top of the 6th over - 0 run(s), 1 hit(s), 0 error(s), 2 left on base; Louisville 3 - Indiana 2 |
BOTTOM OF THE 6TH |
Indiana Hounds batting - Pitching for Louisville Bats : RHP Jae-hyun Ch'oe
|
Batting: LHB Tommy Evans
|
0-0: Called Strike 0-1: Ball 1-1: Reaches on Catchers interference
|
Pitching: RHP Tom McConnell
|
|
Batting: LHB Junior Coates
|
0-0: Ball 1-0: Fly out, F7 (Flyball, 7LS)
|
Batting: RHB Francisco Tañón
|
0-0: Called Strike 0-1: Foul Ball, location: 2F 0-2: Foul Ball, location: 2F 0-2: Ball 1-2: Ball 2-2: Ball 3-2: Base on Balls Tommy Evans to second
|
Pinch Runner at 2nd Ramón Benítez:
|
|
Batting: LHB Pepe Vázquez
|
0-0: Ball 1-0: Called Strike 1-1: Foul Ball, location: 2F 1-2: Ball 2-2: Ball 3-2: Base on Balls Ramón Benítez to third Francisco Tañón to second
|
Batting: LHB Manny Hernández
|
0-0: Ball 1-0: Ball 2-0: Ball 3-0: Called Strike 3-1: Base on Balls Ramón Benítez scores Francisco Tañón to third Pepe Vázquez to second
|
Batting: SHB Charles Alexander
|
0-0: TRIPLE (Line Drive, 89M) Francisco Tañón scores Pepe Vázquez scores Manny Hernández scores
|
Pitching: LHP Carlos Menéndez
|
|
Batting: RHB Anthony Rucker
|
0-0: Ball 1-0: Called Strike 1-1: Ball 2-1: Foul Ball, location: 2F 2-2: Ball 3-2: Foul Ball, location: 2F 3-2: SINGLE (Line Drive, 4D) Charles Alexander scores
|
Batting: RHB Bob Lazzeri
|
0-0: Called Strike 0-1: Foul Ball, location: 2F 0-2: Grounds into double play, 6-4-3 (Groundball, 6)
|
Bottom of the 6th over - 5 run(s), 2 hit(s), 1 error(s), 0 left on base; Louisville 3 - Indiana 7 |
TOP OF THE 7TH |
Louisville Bats batting - Pitching for Indiana Hounds : RHP Bob Cunningham
|
Now at SS: Octávio Marín
|
|
Batting: RHB Dick Slagboom
|
0-0: Ball 1-0: Called Strike 1-1: Ball 2-1: Swinging Strike 2-2: Foul Ball, location: 2F 2-2: Strikes out looking
|
Pitching: RHP Ronald Moore
|
|
Batting: RHB Eric Thompson
|
0-0: SINGLE (Line Drive, 9S)
|
Batting: LHB Mike Callahan
|
0-0: Ball Eric Thompson steals 2nd base 1-0: SINGLE (Groundball, 4D) Eric Thompson to third Runner from 3rd tries for Home, SAFE, no throw
|
Batting: LHB John Latham
|
0-0: Ball 1-0: Called Strike 1-1: Swinging Strike 1-2: Grounds into double play, 4-6-3 (Groundball, 4)
|
Top of the 7th over - 1 run(s), 2 hit(s), 0 error(s), 0 left on base; Louisville 4 - Indiana 7 |
BOTTOM OF THE 7TH |
Indiana Hounds batting - Pitching for Louisville Bats : LHP Carlos Menéndez
|
Batting: RHB Danny Walker
|
0-0: Ball 1-0: Foul Ball, location: 2F 1-1: Ground out 4-3 (Groundball, 4)
|
Batting: RHB Octávio Marín
|
0-0: Called Strike 0-1: Ball 1-1: Ball 2-1: Ball 3-1: Base on Balls
|
Batting: LHB Junior Coates
|
0-0: SINGLE (Line Drive, 6M) Octávio Marín to second
|
Batting: RHB Francisco Tañón
|
0-0: Called Strike 0-1: Ball 1-1: Foul Ball, location: 2F 1-2: Ball 2-2: Fly out, F8 (Flyball, 89M)
|
Batting: LHB Pepe Vázquez
|
0-0: Foul Ball, location: 2F 0-1: Ball 1-1: Ball 2-1: Foul Ball, location: 2F 2-2: Strikes out swinging
|
Bottom of the 7th over - 0 run(s), 1 hit(s), 0 error(s), 2 left on base; Louisville 4 - Indiana 7 |
TOP OF THE 8TH |
Louisville Bats batting - Pitching for Indiana Hounds : RHP Ronald Moore
|
Batting: LHB Alex Henderson
|
0-0: Ground out U3 (Groundball, 3S)
|
Batting: RHB John Denton
|
0-0: Called Strike 0-1: Ball 1-1: Called Strike 1-2: Ground out 6-3 (Groundball, 6)
|
Batting: LHB Jeff Forsyth
|
0-0: Called Strike 0-1: Foul Ball, location: 2F 0-2: Ball 1-2: Fly out, F7 (Flyball, 7LMF)
|
Top of the 8th over - 0 run(s), 0 hit(s), 0 error(s), 0 left on base; Louisville 4 - Indiana 7 |
BOTTOM OF THE 8TH |
Indiana Hounds batting - Pitching for Louisville Bats : LHP Carlos Menéndez
|
Batting: LHB Manny Hernández
|
0-0: Ball 1-0: Called Strike 1-1: Swinging Strike 1-2: Foul Ball, location: 2F 1-2: Ball 2-2: Foul Ball, location: 2F 2-2: Ball 3-2: SINGLE (Flyball, 8LS)
|
Batting: SHB Charles Alexander
|
0-0: Ground out 5-3 (Groundball, 56S) Manny Hernández to second
|
Batting: RHB Anthony Rucker
|
0-0: Intentional Walk
|
Batting: RHB Bob Lazzeri
|
0-0: Ground out 5-3 (Groundball, 56S) Manny Hernández to third Anthony Rucker to second
|
Batting: RHB Danny Walker
|
0-0: Ball 1-0: Called Strike 1-1: Fly out, F9 (Flyball, 89S)
|
Bottom of the 8th over - 0 run(s), 1 hit(s), 0 error(s), 2 left on base; Louisville 4 - Indiana 7 |
TOP OF THE 9TH |
Louisville Bats batting - Pitching for Indiana Hounds : RHP Ronald Moore
|
Pitching: RHP Enrique Gómez
|
|
Batting: RHB Shawn Marshall
|
0-0: Reached on error, E6 (Groundball, 56D)
|
Batting: RHB Enrico Ramos
|
0-0: Called Strike 0-1: Swinging Strike 0-2: Strikes out swinging
|
Batting: RHB Dick Slagboom
|
0-0: Ball Wild Pitch! Shawn Marshall to second 1-0: Ball 2-0: Swinging Strike 2-1: Foul Ball, location: 2F 2-2: Fly out, F9 (Flyball, 89S)
|
Batting: RHB Eric Thompson
|
0-0: Called Strike 0-1: Called Strike 0-2: Ball 1-2: Fly out, F5 (Popup, 5S)
|
Top of the 9th over - 0 run(s), 0 hit(s), 1 error(s), 1 left on base; Louisville 4 - Indiana 7 |
|